 Dungeon Crawl Stone Soup version 0.31-a0-1321-g5021b54 (webtiles) character file.

Game seed: 3322275697007785359

133 Meow the Conjurer (level 5, 0/42 HPs)
             Began as a Naga Conjurer on Dec 20, 2023.
             Slain by Pikel
             ... wielding a +2 whip of flaming
              (2 damage)
             ... on level 4 of the Dungeon.
             The game lasted 00:06:50 (2863 turns).

Meow the Conjurer (Naga Conjurer)                   Turns: 2863, Time: 00:06:50

Health: 0/42       AC:  3    Str: 15    XL:     5   Next: 16%
Magic:  1/10       EV:  9    Int: 21    God:
Gold:   123        SH:  0    Dex:  9    Spells: 3/11 levels left

rFire   . . .        a - +0 orcbow
rCold   . . .        (shield currently unavailable)
rNeg    . . .        c - +0 robe
rPois   +            (no helmet)
rElec   .            g - +0 cloak
rCorr   .            (no gloves)
SInv    +            (no barding)
Will    +....        (no amulet)
Stlth   ++           m - +6 ring of strength
HPRegen 0.27/turn    w - ring of willpower
MPRegen 0.12/turn

%: no passive effects
@: very slow
A: AC +1, large, see invisible, deformed body, poison resistance, slowness 2,
spit poison 1, naga tail 1
a: Spit Poison


You were on level 4 of the Dungeon.
You visited 1 branch of the dungeon, and saw 4 of its levels.

You collected 123 gold pieces.

Inventory:

Hand Weapons
 a - a +0 orcbow (weapon)
 b - a +0 mace
 u - a +0 war axe
 y - a +0 sling
Missiles
 l - 5 boomerangs
 p - 5 curare-tipped darts
Armour
 c - a +0 robe (worn)
 g - a +0 cloak (worn)
Jewellery
 m - a +6 ring of strength (left hand)
 w - a ring of willpower (right hand)
Wands
 t - a wand of polymorph (11)
Scrolls
 d - a scroll of revelation
 f - a scroll of fear
 h - a scroll of fog
 q - a scroll of torment {unknown}
 r - 2 scrolls of teleportation {unknown}
 s - 3 scrolls of vulnerability
 v - a scroll of brand weapon {unknown}
 x - a scroll of blinking {unknown}
Potions
 e - a potion of attraction {unknown}
 i - a potion of haste {unknown}
 j - a potion of magic
 k - a potion of invisibility {unknown}
 n - 2 potions of enlightenment {unknown}
 o - a potion of curing {unknown}


   Skills:
 - Level 1.5 Dodging
 - Level 3.0 Stealth
 + Level 3.6 Spellcasting
 + Level 5.2 Conjurations


You had 3 spell levels left.
You knew the following spells:

 Your Spells              Type           Power      Damage    Failure   Level
a - Magic Dart            Conj           100%       1d8       1%          1
b - Searing Ray           Conj           50%        2d6       2%          2
t - Blink                 Tloc           6%         N/A       19%         2
A - Stone Arrow           Conj/Erth      28%        3d8       13%         3

Your spell library contained the following spells:

 Spells                   Type           Power      Damage    Failure   Level
 Call Imp                 Summ           6%         N/A       19%         2
 Ensorcelled Hibernation  Hex/Ice        6%         N/A       19%         2
 Passwall                 Alch/Erth      2%         N/A       19%         2
 Sublimation of Blood     Necr           3%         N/A       19%         2
 Swiftness                Air            3%         N/A       36%         3
 Fulminant Prism          Conj/Alch      7%         3d7       38%         4
 Iskenderun's Mystic Bla  Conj/Tloc      14%        2d5       38%         4
 Arcjolt                  Conj/Air       7%         1d17      75%         5
 Irradiate                Conj/Alch      7%         3d14      75%         5
 Animate Armour           Summ/Erth      6%         N/A       77%         4
 Petrify                  Alch/Erth      3%         N/A       77%         4
 Vhi's Electric Charge    Tloc/Air       6%         N/A       77%         4
 Plasma Beam              Fire/Air       1%         2x1d11    100%        6
 Lehudib's Crystal Spear  Conj/Erth      7%         10d3      100%        8


Dungeon Overview and Level Annotations

Branches:
Dungeon (4/15)
 Temple: D:4-7

Altars:
Sif Muna

Annotations:
D:4 Pikel


Innate Abilities, Weirdness & Mutations

Your serpentine skin is tough. (AC +1)
You have supernaturally acute eyesight. (SInv)
Armour fits poorly on your strangely shaped body.
Your system is resistant to poisons. (rPois)
You cover ground very slowly.
You can spit poison.
You have a snake-like lower body.


Message History

Pikel burns you.
The searing ray misses Pikel.
The searing ray hits the adder.
The adder is moderately wounded.
You finish channelling your searing ray.
Pikel barely misses you.
A lemure comes into view.
Unknown command.
Casting: Searing Ray (safe; 2% risk of failure)
Confirm with . or Enter, or press ? or * to list all spells.
Okay, then.
Casting: Searing Ray (safe; 2% risk of failure)
Confirm with . or Enter, or press ? or * to list all spells.
Aiming: Searing Ray (safe; 2% risk of failure)
Press: ? - help, Shift-Dir - straight line, f/p - Pikel
Aim: Pikel, wielding a +2 whip of flaming and wearing a +0 robe (heavily wounded, 74% to hit)
The searing ray misses Pikel.
The searing ray hits the adder.
The adder is severely wounded. (Press . to maintain the ray.)
The lemure shouts!
You hear a shout!
Pikel hits you with a +2 whip of flaming!
Pikel burns you.
The searing ray misses Pikel.
The searing ray hits the adder!
You kill the adder!
Pikel hits you with a +2 whip of flaming.
Pikel burns you.
The searing ray misses Pikel.
Pikel barely misses you.
The searing ray hits Pikel.
Pikel is heavily wounded.
You finish channelling your searing ray.
Pikel hits you with a +2 whip of flaming!
* * * LOW HITPOINT WARNING * * *
Pikel burns you.
* * * LOW HITPOINT WARNING * * *
You shoot an arrow. The arrow closely misses Pikel.
The arrow closely misses the lemure.
Pikel hits you with a +2 whip of flaming.
* * * LOW HITPOINT WARNING * * *
Pikel burns you.
You die...
Pikel says, "See you in Hell!"

............#
............#
..........#####
............# #
#5....)....# #.
#..........#
#..#.†55......#
#..####K###+##
+......@.....#
#............#
#..##........#
#..##........#
#........##..#
#..##....# ..#
#..##....## .#
#.........+ #
#........##


You could see Pikel and 3 lemures.

Vanquished Creatures
  A lemure (D:3)
  Ijyb (D:3)
  Terence (D:2)
  2 adders
  3 dart slugs
  An orc (D:4)
  3 ball pythons
  4 bats
  5 endoplasms
  3 giant cockroaches (D:1)
  4 goblins
  5 hobgoblins
  3 jackals (D:2)
  3 quokkas (D:1)
  2 frilled lizards
  7 kobolds
  6 rats
54 creatures vanquished.

Notes
Turn   | Place    | Note
-------+----------+-------------------------------------------
     0 | D:1      | Meow the Naga Conjurer began the quest for the Orb.
     0 | D:1      | Reached XP level 1. HP: 15/15 MP: 3/3
   168 | D:1      | Reached XP level 2. HP: 22/22 MP: 0/5
   258 | D:1      | Learned a level 2 spell: Searing Ray
   470 | D:1      | Reached XP level 3. HP: 28/28 MP: 3/6
  1023 | D:1      | Found a faded altar of an unknown god.
  1387 | D:2      | Noticed Terence
  1395 | D:2      | Killed Terence
  1396 | D:2      | Reached XP level 4. HP: 36/36 MP: 3/8
  1400 | D:2      | Learned a level 3 spell: Stone Arrow
  1799 | D:2      | Reached skill level 5 in Conjurations
  2331 | D:3      | Noticed Ijyb
  2348 | D:3      | Killed Ijyb
  2349 | D:3      | Reached XP level 5. HP: 42/42 MP: 0/10
  2427 | D:3      | Noticed an ice beast
  2638 | D:3      | Learned a level 2 spell: Blink
  2674 | D:3      | Found a shimmering blue altar of Sif Muna.
  2758 | D:4      | Noticed a lemure
  2758 | D:4      | Noticed a lemure
  2758 | D:4      | Noticed a lemure
  2761 | D:4      | Noticed Pikel
  2769 | D:3      | Killed a lemure
  2858 | D:4      | Noticed a lemure
  2863 | D:4      | HP: 2/42 [Pikel/+2 whip of flaming (6)]
  2863 | D:4      | Slain by Pikel

Illustrated notes

Levels and vault maps discovered:
D:1:      dpeg_arrival_more_subterranean_lakeside_camping, layout_basic,
          chequers_ecumenical_altar_lobes
D:2:      wad_crossroads, layout_basic, st_stairs_8, uniq_terence
D:3:      layout_loops_corners, lemuel_doored_altar, uniq_ijyb, uniq_natasha
D:4:      layout_gridville, ebering_ghost_reflecting_pool, st_stairs_10,
          uniq_pikel, uniq_grinder, uniq_menkaure

Skill      XL: |  1  2  3  4 |
---------------+-------------+-----
Spellcasting   | 3 |  3.6
Conjurations   | 5 |  5.2
Dodging        | |  1.5
Stealth        | |  3.0

Action                     |  1- 3 |  4- 6 || total
---------------------------+-------+-------++-------
  Melee: Mace              |     1 |     4 ||     5
   Fire: Sling             |     7 |     9 ||    16
         Orcbow            |       |     2 ||     2
   Cast: Magic Dart        |    27 |     1 ||    28
         Searing Ray       |     5 |    13 ||    18
Ability: Spit Poison       |    23 |    16 ||    39
    Use: Scroll            |     2 |     2 ||     4
 Armour: Robe              |     1 |    16 ||    17
         Skin              |       |    11 ||    11
  Dodge: Dodged            |     3 |    10 ||    13

Table legend: (Time is in decaauts)
 A = Elapsed time spent in this place.
 B = Non-inter-level travel time spent in this place.
 C = Inter-level travel time spent in this place.
 D = Time resting spent in this place.
 E = Time spent auto-exploring this place.
 F = Levels seen in this place.
 G = Mean time per level.
                   A        B        C        D        E       F      G
               +--------+--------+--------+--------+--------+-----+--------+
         Total |   3693 |   3506 |    187 |    561 |   2489 |   4 |  923.2 |
       Dungeon |   3693 |   3506 |    187 |    561 |   2489 |   4 |  923.2 |
               +--------+--------+--------+--------+--------+-----+--------+

Top non-repeatable levels by time:
     D:1: 1569 daAuts
     D:2: 1437 daAuts
     D:3: 643 daAuts
     D:4: 43 daAuts
